 Dungeon Crawl Stone Soup version 0.32-a0-996-gb3226c2 (webtiles) character file.

Game seed: 17867459110104527953

7962 Hug the Covert (level 11, -4/87 HPs)
             Began as a Demonspawn Brigand on Apr 23, 2024.
             Slain by a vampire (11 damage)
             ... on level 10 of the Dungeon.
             The game lasted 00:27:04 (8639 turns).

Hug the Covert (Demonspawn Brigand)                 Turns: 8639, Time: 00:27:04

Health: -4/87      AC:  9    Str: 11    XL:     11   Next: 3%
Magic:  28/28      EV: 10    Int: 13    God:
Gold:   536        SH:  7    Dex: 24    Spells: 10/10 levels left

rFire   + . .        a - +5 dagger (venom)
rCold   + . .        y - +2 buckler
rNeg    . . .        C - +1 steam dragon scales
rPois   .            (helmet restricted)
rElec   .            q - scarf {rC+ rF+}
rCorr   .            o - +2 pair of gloves
SInv    .            (boots unavailable)
Will    .....        m - amulet of regeneration
Stlth   ++++++       h - +6 ring of dexterity
HPRegen 1.14/turn    c - ring of magical power
MPRegen 0.21/turn

%: no passive effects
@: about to teleport
A: hooves 3, horns 2
a: no special abilities


You were on level 10 of the Dungeon.
You visited 2 branches of the dungeon, and saw 11 of its levels.
You also visited: Ossuary.

You collected 549 gold pieces.
You spent 13 gold pieces at shops.

Inventory:

Hand Weapons
 a - a +5 dagger of venom (weapon)
Missiles
 d - 13 poisoned darts (quivered)
 r - 4 boomerangs
 F - 2 throwing nets
Armour
 b - a +2 robe of willpower
 o - a +2 pair of gloves (worn)
 q - a scarf of resistance (worn)
 y - a +2 buckler (worn)
 C - +1 steam dragon scales (worn)
Jewellery
 c - a ring of magical power (right hand)
 h - a +6 ring of dexterity (left hand)
 m - an amulet of regeneration (around neck)
 n - an amulet of guardian spirit
Wands
 f - a wand of warping (12)
 x - a wand of polymorph (11)
Scrolls
 l - a scroll of teleportation
 p - a scroll of fog
 v - a scroll of silence {unknown}
 A - 2 scrolls of amnesia
 D - a scroll of fear
 G - a scroll of torment {unknown}
Potions
 g - 2 potions of magic
 i - 2 potions of enlightenment
 j - 2 potions of haste
 k - a potion of invisibility
 s - 5 potions of curing
 t - a potion of cancellation
 u - a potion of lignification
 w - a potion of resistance
 z - a potion of experience {unknown}
 B - a potion of attraction {unknown}
 E - a potion of might {unknown}


   Skills:
 + Level 8.8 Fighting
 - Level 1.7 Short Blades
 - Level 1.7 Throwing
 - Level 0.8 Dodging
 * Level 12.6 Stealth
 + Level 11.0 Invocations


You had 10 spell levels left.
You didn't know any spells.
Your spell library contained the following spells:

 Spells                   Type           Power      Damage    Failure   Level
 Summon Ice Beast         Ice/Summ       0%         N/A       80%         3
 Summon Mana Viper        Hex/Summ       0%         N/A       100%        5
 Monstrous Menagerie      Summ           0%         N/A       100%        7


Dungeon Overview and Level Annotations

Branches:
Dungeon (10/15)            Temple (1/1) D:4            Lair (0/5) D:8
Ossuary (visited)
    Orc: D:9-12

Altars:
Ashenzari
Dithmenos
Fedhas
Gozag
Hepliaklqana
Makhleb
Nemelex Xobeh
Okawaru
Qazlal
Ru
Sif Muna
Trog
Vehumet
Wu Jian
Xom
Yredelemnul

Shops:
D:3 !*

Annotations:
D:2 1 runed translucent door, Crazy Yiuf
D:8 Amaemon


Innate Abilities, Weirdness & Mutations

You have hooves in place of feet.
You have a pair of horns on your head.


Message History

You hit the vampire. You kick the vampire, but do no damage.
The vampire is moderately damaged.
The vampire gestures wildly while chanting.
The vampire flickers and vanishes!
Deactivating autopickup; reactivate with Ctrl-A.
You miss something. Your kick misses something. Something hits you.
* * * LOW HITPOINT WARNING * * *
Something bites you but does no damage.
Unknown command.
You are confused.
You feel invigorated. Something hits you but does no damage.
Something bites you but does no damage.
You hit something but do no damage. Your headbutt misses something.
Something hits you but does no damage. Something bites you!
* * * LOW HITPOINT WARNING * * *
Something draws strength from your injuries!
You miss something. Something hits you.
* * * LOW HITPOINT WARNING * * *
Something bites you but does no damage. Something hits you!
* * * LOW HITPOINT WARNING * * *
Something completely misses you.
You feel less invigorated.
You feel less confused. Something hits you.
* * * LOW HITPOINT WARNING * * *
Something bites you but does no damage.
You hit something. Something hits you.
* * * LOW HITPOINT WARNING * * *
You block something's attack.
Okay, then.
As you read the scroll of fear, it crumbles to dust.
You assume a fearsome visage.
Nothing appears to happen.
Something hits you.
* * * LOW HITPOINT WARNING * * *
Something barely misses you.
As you read the scroll of teleportation, it crumbles to dust.
You feel strangely unstable. Something hits you!
* * * LOW HITPOINT WARNING * * *
Something bites you!
You die...

#..### ..# #...##
..## #....# #...##
#....## ###....(.
####.....# ##......
###...#....##
##.....#
<....####...###.....#
....## ##...##.....#
.#### ##..((.@{†.# ##
##........#
##..###..# #### #.#
##


There were no monsters in sight!

Vanquished Creatures
  Harold (D:9)
  Maurice (D:9)
  Maggie (D:6)
  A komodo dragon (D:8)
  2 trolls
  Sigmund (D:2)
  7 yaks (D:8)
  A wyvern (D:8)
  Eustachio (D:4)
  A basilisk (D:8)
  A wraith (D:10)
  Grum (D:8)
  3 steam dragons
  Edmund (D:5)
  4 water moccasins
  An orc warrior (D:7)
  A sky beast (D:3)
  A black bear (D:8)
  An ogre (D:5)
  2 centaurs
  3 wolves (D:8)
  A kobold brigand (D:6)
  Blork the orc (D:5)
  A phantom (D:5)
  3 bullfrogs
  3 scorpions
  A gnoll sergeant (D:9)
  12 wights
  A water moccasin zombie (Ossuary)
  3 killer bees (D:9)
  2 centaur zombies (Ossuary)
  2 hounds (D:5)
  A human zombie (Ossuary)
  2 gnoll boudas
  4 jellies
  2 orc priests (D:8)
  5 orc wizards
  3 scorpion zombies (Ossuary)
  A sleepcap (D:6)
  Ijyb (D:4)
  A mummy (D:7)
  6 adders
  18 gnolls
  2 river rats (D:4)
  2 shadow imps
  A white imp (D:7)
  2 ufetubi (D:5)
  3 adder zombies (Ossuary)
  2 dart slugs
  4 ribbon worms
  23 orcs
  7 endoplasms
  3 giant cockroaches
  5 gnoll zombies (Ossuary)
  6 hobgoblins
  3 quokkas
  10 ball pythons
  8 bats
  2 frilled lizards
  7 goblins
  3 goblin zombies
  4 hobgoblin zombies
  15 kobolds
  2 orc zombies (Ossuary)
  11 rats
235 creatures vanquished.

Notes
Turn   | Place    | Note
-------+----------+-------------------------------------------
     0 | D:1      | Hug the Demonspawn Brigand began the quest for the Orb.
     0 | D:1      | Reached XP level 1. HP: 16/16 MP: 1/1
   246 | D:1      | Discovered your monstrous ancestry.
   246 | D:1      | Gained mutation: You have a pair of small horns on your
                  | head. [demonic ancestry]
   246 | D:1      | Reached XP level 2. HP: 22/22 MP: 2/2
   270 | D:1      | Reached skill level 1 in Invocations
   297 | D:1      | Reached skill level 4 in Stealth
   801 | D:2      | Gained mutation: You have large cloven feet. [demonic
                  | ancestry]
   801 | D:2      | Reached XP level 3. HP: 27/28 MP: 4/4
  1098 | D:2      | Noticed Sigmund
  1110 | D:2      | Killed Sigmund
  1111 | D:2      | Reached skill level 5 in Stealth
  1111 | D:2      | Gained mutation: You have a pair of horns on your head.
                  | [demonic ancestry]
  1111 | D:2      | Reached XP level 4. HP: 35/35 MP: 4/6
  1111 | D:2      | Reached XP level 5. HP: 41/41 MP: 4/7
  1223 | D:2      | Found a faded altar of an unknown god.
  1278 | D:2      | Found a runed translucent door.
  1279 | D:2      | Noticed Crazy Yiuf
  1417 | D:3      | Found Eluag's Assorted Antiques.
  1479 | D:3      | Found Anyiguc's Distillery.
  1492 | D:3      | Bought a potion of degeneration for 13 gold pieces
  2155 | D:4      | Noticed Eustachio
  2164 | D:4      | Noticed a sky beast
  2178 | D:4      | Killed Eustachio
  2179 | D:4      | Reached skill level 6 in Stealth
  2179 | D:4      | Gained mutation: You have hoof-like feet. [demonic
                  | ancestry]
  2179 | D:4      | Reached XP level 6. HP: 48/48 MP: 7/9
  2224 | D:4      | Found a staircase to the Ecumenical Temple.
  2236 | Temple   | Entered the Ecumenical Temple
  2309 | D:4      | Noticed Ijyb
  2313 | D:4      | Killed Ijyb
  2987 | D:3      | Killed a sky beast
  2988 | D:3      | Reached XP level 7. HP: 49/54 MP: 10/10
  3164 | D:5      | Entered Level 5 of the Dungeon
  3284 | D:5      | Reached skill level 5 in Invocations
  3345 | D:5      | Reached skill level 7 in Stealth
  3516 | D:5      | Noticed Edmund
  3523 | D:5      | Killed Edmund
  3573 | D:5      | Reached skill level 5 in Fighting
  3573 | D:5      | Reached XP level 8. HP: 38/62 MP: 12/12
  3636 | D:5      | Noticed Blork the orc
  3638 | D:5      | Killed Blork the orc
  3922 | D:5      | Found a hazy altar of Hepliaklqana.
  4255 | D:6      | Reached skill level 8 in Stealth
  4538 | D:6      | Noticed Maggie
  4545 | D:6      | Killed Maggie
  4610 | D:6      | Found a stormy altar of Qazlal.
  4690 | D:6      | Found a shadowy altar of Dithmenos.
  4691 | D:6      | Found a basalt altar of Yredelemnul.
  4724 | D:6      | Reached skill level 9 in Stealth
  5174 | D:7      | Gained mutation: You have hooves in place of feet. [demonic
                  | ancestry]
  5174 | D:7      | Reached XP level 9. HP: 61/69 MP: 14/14
  5462 | D:7      | Found a shimmering altar of Xom.
  5701 | D:7      | Found a sand-covered staircase.
  5709 | Ossuary  | Entered an ossuary
  5887 | Ossuary  | Reached skill level 10 in Stealth
  5894 | Ossuary  | Noticed a silent spectre
  6967 | D:8      | Reached XP level 10. HP: 79/79 MP: 17/17
  7003 | D:8      | Noticed Grum
  7019 | D:8      | Reached skill level 11 in Stealth
  7027 | D:8      | Killed Grum
  7476 | D:8      | Reached skill level 10 in Invocations
  7575 | D:8      | Found a staircase to the Lair.
  7637 | D:8      | Noticed Amaemon
  7639 | D:8      | Noticed an orange demon
  7926 | D:9      | Found a sparkling altar of Nemelex Xobeh.
  8178 | D:9      | Reached skill level 12 in Stealth
  8193 | D:9      | Noticed Harold
  8203 | D:9      | Killed Harold
  8228 | D:9      | Noticed Maurice
  8238 | D:9      | Killed Maurice
  8564 | D:10     | Entered Level 10 of the Dungeon
  8596 | D:10     | Reached XP level 11. HP: 81/87 MP: 19/19
  8639 | D:10     | Slain by a vampire

Illustrated notes

Levels and vault maps discovered:
D:1:      mrwooster_arrival_statue, layout_loops_ring, minivault_11
D:2:      layout_rooms, chequers_ecumenical_altar_grove, uniq_sigmund,
          uniq_crazy_yiuf_cottage
D:3:      layout_loops_cross, serial_shops, shop, shop
D:4:      layout_loops_ring, minmay_temple_entry_mini_moons,
          lightli_sewer_entry_pipes, uniq_ijyb, uniq_eustachio
D:5:      layout_gridville, kennysheep_mini_moat,
          nicolae_hepliaklqana_hippocampus, uniq_edmund, uniq_blork_the_orc
D:6:      layout_cave_pods, mainiacjoe_overflow_divided_tiny,
          general_overflow_altar, uniq_maggie
D:7:      layout_rooms, xom_redecorated, nicolae_ossuary_entry_giza,
          serial_curves, eino_curves_04, eino_curves_01, eino_curves_02,
          palyth_stone_intersect, grunt_decor_cap, nicolae_titane
D:8:      layout_cave_pods, nicolae_overflow_hidden_temple, david_lair_shrubbed,
          serial_column_ruins, column_ruins_hut, column_ruins_open_medium,
          column_ruins_open_small, column_ruins_open_small, column_ruins_grid_1,
          column_ruins_corridor_straight, minmay_parallelograms, st_stairs_13,
          uniq_grum, uniq_amaemon
D:9:      layout_rooms, mainiacjoe_overflow_surrounded_room, uniq_harold,
          uniq_maurice
D:10:     layout_layer_cave, lemuel_doored_altar, orc_0_dummy
Temple:   minmay_temple_forest_path

Skill      XL: |  1  2  3  4  5  6  7  8  9 10 |
---------------+-------------------------------+-----
Invocations    | 1 3 4 5 7 9 11 | 11.0
Stealth        | 4 5 6 7 9 10 12 | 12.6
Fighting       | 3 4 5 6 7 8 |  8.8
Short Blades   | |  1.7
Throwing       | |  1.7
Dodging        | |  0.8

Action                     |  1- 3 |  4- 6 |  7- 9 | 10-12 || total
---------------------------+-------+-------+-------+-------++-------
  Melee: Dagger            |    77 |    78 |   305 |   178 ||   638
         Headbutt          |    11 |    13 |    76 |    54 ||   154
         Kick              |     7 |    17 |   109 |    78 ||   211
  Throw: Dart              |       |    16 |    65 |    50 ||   131
         Boomerang         |       |     2 |       |       ||     2
         Throwing net      |       |       |     4 |     3 ||     7
  Evoke: Wand              |       |       |     2 |     6 ||     8
    Use: Scroll            |     4 |     5 |    18 |     6 ||    33
         Potion            |     1 |       |     5 |     4 ||    10
   Stab: Sleeping          |     7 |    12 |    18 |     8 ||    45
         Distracted        |     2 |     2 |       |       ||     4
         Invisible         |       |       |       |     1 ||     1
         Held in net/web   |       |       |       |     1 ||     1
 Armour: Robe              |    38 |    48 |   211 |       ||   297
         Steam dragon scal |       |       |    62 |   146 ||   208
  Dodge: Dodged            |    27 |    48 |   214 |    67 ||   356
  Block: Buckler           |       |       |       |    42 ||    42

Table legend: (Time is in decaauts)
 A = Elapsed time spent in this place.
 B = Non-inter-level travel time spent in this place.
 C = Inter-level travel time spent in this place.
 D = Time resting spent in this place.
 E = Time spent auto-exploring this place.
 F = Levels seen in this place.
 G = Mean time per level.
                   A        B        C        D        E       F      G
               +--------+--------+--------+--------+--------+-----+--------+
         Total |   8650 |   8321 |    329 |    161 |   6134 |  12 |  720.8 |
       Dungeon |   8423 |   8095 |    328 |    161 |   6058 |  10 |  842.3 |
        Temple |      4 |      3 |      1 |      0 |      3 |   1 |    4.0 |
       Ossuary |    222 |    222 |      0 |      0 |     73 |   1 |  222.0 |
               +--------+--------+--------+--------+--------+-----+--------+

Top non-repeatable levels by time:
     D:8: 1412 daAuts
     D:6: 1154 daAuts
     D:4: 1049 daAuts
     D:7: 988 daAuts
     D:5: 890 daAuts
     D:1: 781 daAuts
     D:3: 747 daAuts
     D:9: 696 daAuts
     D:2: 612 daAuts
 Ossuary: 222 daAuts
    D:10: 88 daAuts
  Temple: 4 daAuts
